 Dungeon Sprint DCSS version 0.26-a0-854-gdc81c2f471 (webtiles) character file.

Game seed: 2527768703147995181

888 rocky1 the Gelid (level 8, -14/61 HPs)
             Began as a Gargoyle Ice Elementalist on Nov 24, 2020.
             Was a High Priest of Sif Muna.
             Demolished by a death cob (22 damage)
             ... in the Dungeon (Sprint VII: "The Pits").
             The game lasted 00:06:42 (763 turns).

rocky1 the Gelid (Gargoyle Ice Elementalist)         Turns: 763, Time: 00:06:42

Health: -14/61     AC: 11    Str: 12    XL:     8   Next: 6%
Magic:  11/11      EV: 17    Int: 18    God:    Sif Muna [*****.]
Gold:   0          SH:  0    Dex: 10    Spells: 4/11 levels left

rFire    . . .     SeeInvis .   s - +2 morningstar (protect)
rCold    . . .     Faith    .   (no shield)
rNeg     + . .     Spirit   .   y - +0 leather armour
rPois    ∞         Reflect  .   (no helmet)
rElec    +         Harm     .   u - +0 cloak
rCorr    .         Rampage  .   v - +0 pair of gloves
MR       .....     NoTele   +   t - +0 pair of boots
Stlth    ..........             (no amulet)
HPRegen  0.20/turn              o - +3 ring of evasion
MPRegen  0.12/turn              p - +3 ring of evasion

@: berserking, very slightly contaminated, slowed, invisible
A: negative energy resistance 1, electricity resistance, unbreathing,
petrification resistance, rot immunity, AC +5
a: Channel Magic, Forget Spell, Divine Exegesis, Renounce Religion


You were in the Dungeon.
You worshipped Sif Muna.
Sif Muna was extremely pleased with you.
You visited 1 branch

Inventory:

Hand Weapons
 l - a +1 flail of draining
 m - a +2 hand axe of freezing
 n - a +1 flail of protection
 s - a +2 morningstar of protection (weapon)
 w - the +12 glaive of Prune {vorpal}
   (You found it in the Dungeon)

   It inflicts extra damage upon your enemies.
 x - a +1 vorpal broad axe
Armour
 t - a +0 pair of boots (worn)
 u - a +0 cloak (worn)
 v - a +0 pair of gloves (worn)
 y - a +0 leather armour (worn)
Jewellery
 o - a +3 ring of evasion (left hand)
 p - a +3 ring of evasion (right hand)
Scrolls
 h - a scroll of blinking
 i - 2 scrolls of remove curse
 j - 5 scrolls of amnesia
 k - a scroll of summoning
Potions
 b - a potion of invisibility
 c - 6 potions of curing
 d - 6 potions of heal wounds
 e - 2 potions of haste
 f - 2 potions of magic
 g - 5 potions of berserk rage
 q - 2 potions of might
 r - a potion of resistance


   Skills:
 - Level 1.5 Dodging
 - Level 2.1 Stealth
 + Level 2.0 Spellcasting
 + Level 16.4 Ice Magic
 + Level 0.0 Invocations


You had 4 spell levels left.
You knew the following spells:

 Your Spells              Type           Power        Failure   Level
a - Freeze                Ice            ####         1%          1
b - Frozen Ramparts       Ice            ######       1%          3
c - Ozocubu's Armour      Ice            ######..     1%          3

Your spell library contained the following spells:

 Spells                   Type           Power        Failure   Level
 Hailstorm                Conj/Ice       ####....     8%          4
 Ice Form                 Ice/Tmut       ####....     8%          4
 Summon Ice Beast         Ice/Summ       ####....     8%          4
 Sting                    Tmut/Pois      #...         22%         1
 Poisonous Vapours        Pois/Air       #.....       34%         2
 Ignite Poison            Fire/Tmut/Pois #.......     56%         3
 Mephitic Cloud           Conj/Pois/Air  #.......     56%         3
 Spider Form              Tmut/Pois      #.........   56%         3
 Ozocubu's Refrigeration  Ice            ######....   4%          6
 Alistair's Intoxication  Tmut/Pois      #........    99%         5
 Summon Demon             Summ           #.........   99%         5
 Summon Forest            Summ/Tloc      #.........   99%         5
 Spellforged Servitor     Conj/Summ      #.........   100%        7
 Absolute Zero            Ice            ######....   100%        9


Dungeon Overview and Level Annotations

Branches:
Dungeon (1/1)

Altars:
Ashenzari
Cheibriados
Dithmenos
Elyvilon
Fedhas
Gozag
Hepliaklqana
Kikubaaqudgha
Makhleb
Nemelex Xobeh
Okawaru
Qazlal
Ru
Sif Muna
Trog
Uskayaw
Vehumet
Wu Jian
Xom
Yredelemnul
Zin
The Shining One
Beogh
Jiyva
Lugonu


Innate Abilities, Weirdness & Mutations

You are resistant to torment.
Your stone body is resilient. (AC +5)
You are immune to poison.
You resist negative energy. (rN+)
You are resistant to electric shocks. (rElec)
You can survive without breathing.
You are immune to petrification.
You are immune to rotting.


Message History

You are very lightly contaminated with residual magic.
Unknown command.
You feel much better. The death cob misses you.
The death cob barely misses you.
The death cob hits you but does no damage.
The death cob misses you.
Unknown command.
A red film seems to cover your vision as you go berserk!
You feel yourself moving faster!
You feel mighty! The death cob misses you. The death cob hits you!
The death cob drains your vigour!
You feel as though you will be slow longer.
The death cob hits you. The death cob drains your vigour!
You feel as though you will be slow longer.
The death cob hits you!!
* * * LOW HITPOINT WARNING * * *
The death cob drains your vigour!
You feel as though you will be slow longer.
You completely miss the death cob. The death cob barely misses you.
The death cob hits you!!
You die...

___.# ___.#
_...###########++######
###'##................#
))'.##......#..#......#
###.##................+
.)...'................+
'#####......#..#......#
.#[[##..........@.....#
.#))#####'#####'z######
##))##.......##''#
.#.)##.......##...
.#..##.......##...
.#'###...<...##...#
....##.......##..##
....##.......##..#
######.......#


You could see a death cob.

Vanquished Creatures
  A flying skull (D)
  A spriggan (D)
  Edmund (D)
  A phantom (D)
  2 big kobolds (D)
  Blork the orc (D)
  A hound (D)
  An orc priest (D)
  An iron imp (D)
  An orc wizard (D)
  A gnoll (D)
  2 river rats (D)
  An ooze (D)
  A leopard gecko (D)
  3 orcs (D)
  A giant cockroach (D)
  2 hobgoblins (D)
  3 jackals (D)
  A quokka (D)
  A ball python (D)
  A giant cockroach simulacrum (D)
  A rat (D)
29 creatures vanquished.

Notes
Turn   | Place    | Note
-------+----------+-------------------------------------------
     0 | D        | rocky1 the Gargoyle Ice Elementalist began the quest for
                  | the Orb.
     0 | D        | Reached XP level 1. HP: 10/10 MP: 3/3
    21 | D        | Reached skill level 5 in Ice Magic
    21 | D        | Reached XP level 2. HP: 15/15 MP: 0/5
    50 | D        | Found a bloodstained altar of Trog.
    50 | D        | Found a shimmering blue altar of Sif Muna.
    50 | D        | Found a viscous altar of Jiyva.
    50 | D        | Found a hazy altar of Hepliaklqana.
    50 | D        | Found an opulent altar of Gozag.
    51 | D        | Found a glowing golden altar of the Shining One.
    51 | D        | Found a glowing silver altar of Zin.
    51 | D        | Found a basalt altar of Yredelemnul.
    51 | D        | Found a shimmering altar of Xom.
    51 | D        | Found an ornate altar of the Wu Jian Council.
    51 | D        | Found a sacrificial altar of Ru.
    51 | D        | Found a stormy altar of Qazlal.
    51 | D        | Found an iron altar of Okawaru.
    51 | D        | Found a sparkling altar of Nemelex Xobeh.
    51 | D        | Found a burning altar of Makhleb.
    51 | D        | Found a blossoming altar of Fedhas.
    51 | D        | Found a white marble altar of Elyvilon.
    51 | D        | Found a shadowy altar of Dithmenos.
    51 | D        | Found a snail-covered altar of Cheibriados.
    53 | D        | Found a radiant altar of Vehumet.
    53 | D        | Found a corrupted altar of Lugonu.
    53 | D        | Found a roughly hewn altar of Beogh.
    54 | D        | Found a hide-covered altar of Uskayaw.
    54 | D        | Found an ancient bone altar of Kikubaaqudgha.
    54 | D        | Found a broken altar of Ashenzari.
    56 | D        | Became a worshipper of Sif Muna the Loreminder
    81 | D        | Reached skill level 6 in Ice Magic
    92 | D        | Reached * piety under Sif Muna
   203 | D        | Reached ** piety under Sif Muna
   218 | D        | Reached XP level 3. HP: 18/19 MP: 0/6
   240 | D        | Reached *** piety under Sif Muna
   241 | D        | Reached skill level 8 in Ice Magic
   335 | D        | Learned a level 3 spell: Frozen Ramparts
   335 | D        | Noticed a big kobold
   343 | D        | Reached skill level 9 in Ice Magic
   343 | D        | Reached XP level 4. HP: 19/24 MP: 3/7
   343 | D        | Reached **** piety under Sif Muna
   348 | D        | Killed a big kobold
   349 | D        | Reached skill level 11 in Ice Magic
   349 | D        | Reached XP level 5. HP: 10/28 MP: 1/8
   351 | D        | Noticed Blork the orc
   358 | D        | Reached skill level 12 in Ice Magic
   360 | D        | Killed Blork the orc
   361 | D        | Reached XP level 6. HP: 28/32 MP: 6/9
   401 | D        | Learned a level 3 spell: Ozocubu's Armour
   404 | D        | Reached ***** piety under Sif Muna
   410 | D        | Identified Sif Muna's Volume of Poison (Sif Muna gifted it
                  | to you in the Dungeon)
   410 | D        | Received a gift from Sif Muna
   526 | D        | Noticed Edmund
   531 | D        | Reached skill level 13 in Ice Magic
   535 | D        | Killed Edmund
   536 | D        | Reached skill level 14 in Ice Magic
   536 | D        | Reached XP level 7. HP: 34/36 MP: 4/10
   584 | D        | Noticed a spriggan
   584 | D        | Noticed a flying skull
   594 | D        | Killed a spriggan
   595 | D        | Reached skill level 15 in Ice Magic
   607 | D        | Killed a flying skull
   607 | D        | Identified Xehudgh's Collected Works on the Supportive
                  | Snowflakes (Sif Muna gifted it to you in the Dungeon)
   607 | D        | Received a gift from Sif Muna
   608 | D        | Reached skill level 16 in Ice Magic
   608 | D        | Reached XP level 8. HP: 41/41 MP: 1/11
   616 | D        | Found the +12 glaive of Prune {vorpal}
   759 | D        | Noticed a death cob
   763 | D        | Demolished by a death cob

Illustrated notes

Levels and vault maps discovered:
D:        pitsprint [storerooms_1, entrance_room_1, metal_vault_6, armoury_3,
          mini_pit_1, grid_room_1, main_hall_1, silver_pit, the_coven_3,
          the_vestibule_1, steel_vault_5, golden_pit, hallway_of_sentries,
          crystal_vault_4, iron_vault_2, final_vault]

Skill      XL: |  1  2  3  4  5  6  7 |
---------------+----------------------+-----
Ice Magic      | 5 6 9 11 12 14 16 | 16.4
Dodging        | |  1.5
Stealth        | |  2.1
Spellcasting   | |  2.0

Action                   |  1- 3 |  4- 6 |  7- 9 || total
-------------------------+-------+-------+-------++-------
Melee: Mace              |    14 |       |       ||    14
       Flail             |     2 |    15 |    12 ||    29
       Morningstar       |       |       |     1 ||     1
 Cast: Freeze            |    12 |       |       ||    12
       Frozen Ramparts   |     1 |     3 |     2 ||     6
       Ozocubu's Armour  |       |     1 |     2 ||     3
  Use: Potion            |     1 |     2 |     3 ||     6
       Scroll            |       |       |     1 ||     1
Armor: Robe              |     7 |     3 |    10 ||    20
       Leather armour    |       |       |     1 ||     1
Dodge: Dodged            |    17 |     7 |    20 ||    44

Table legend: (Time is in decaauts)
 A = Elapsed time spent in this place.
 B = Non-inter-level travel time spent in this place.
 C = Inter-level travel time spent in this place.
 D = Time resting spent in this place.
 E = Time spent auto-exploring this place.
 F = Levels seen in this place.
 G = Mean time per level.
                   A        B        C        D        E       F      G
               +--------+--------+--------+--------+--------+-----+--------+
         Total |    778 |    766 |     12 |    335 |      0 |   1 |  778.0 |
       Dungeon |    778 |    766 |     12 |    335 |      0 |   1 |  778.0 |
               +--------+--------+--------+--------+--------+-----+--------+

Top non-repeatable levels by time:
       D: 778 daAuts
